details: 'Some usual stuff'

« prev index next »

General information

Mini Map

Players

team 1
Random» UndeadROTS19 (red | 68 APM | 1053 actions | 15:34)
Hero icon 4 Death Knight
Ability icon 2 Death Coil
Ability icon 2 Unholy Aura
Hero icon 3 Lich
Ability icon 2 Frost Nova
Ability icon 1 Dark Ritual

» actions
Assign group hotkey41
Basic commands50
Build / train50
ESC pressed1
Enter build submenu20
Enter hero's abilities submenu7
Give item / drop item5
Right click322
Select / deselect283
Select group hotkey220
Use ability54
1053 total
» units
Acolyte8
Ghoul4
Crypt Fiend5
Obsidian Statue5
22 total
» upgrades
Creature Carapace2
Web1
Burrow1
Creature Attack3
Destroyer Form1
8 total
» buildings
Crypt1
Graveyard1
Altar of Darkness1
Ziggurat8
Tomb of Relics1
Nerubian Tower2
Halls of the Dead1
Slaughterhouse1
Black Citadel1
Spirit Tower2
Sacrificial Pit1
20 total
» build order
00:06 Crypt
00:17 Graveyard
00:41 Altar of Darkness
01:14 Ziggurat
01:47 Tomb of Relics
02:07 Nerubian Tower
02:22 Ziggurat
02:54 Ziggurat
03:44 Nerubian Tower
04:13 Halls of the Dead
05:20 Ziggurat
06:52 Slaughterhouse
07:08 Black Citadel
07:35 Spirit Tower
10:08 Spirit Tower
12:35 Ziggurat
12:38 Ziggurat
13:07 Sacrificial Pit
14:58 Ziggurat
14:59 Ziggurat
» items
Rod of Necromancy1
Dust of Appearance1
Potion of Healing1
Orb of Corruption1
4 total
team 2
Random» OrcMaW.LuiS (green | 90 APM | 1405 actions | 15:32)
Hero icon 3 Blademaster
Ability icon 1 Wind Walk
Ability icon 2 Critical Strike

» actions
Assign group hotkey50
Basic commands7
Build / train57
ESC pressed2
Enter build submenu54
Enter hero's abilities submenu3
Right click669
Select / deselect316
Select group hotkey173
Use ability74
1405 total
» units
Peon24
Grunt4
Troll Witch Doctor1
Tauren2
Raider1
Shaman2
34 total
» upgrades
Armor1
Melee Weapons1
Ensnare1
Witch Doctor Training2
Pulverize1
6 total
» buildings
Altar of Storms1
Orc Burrow5
War Mill1
Barracks1
Voodoo Lounge2
Stronghold1
Watch Tower22
Great Hall2
Fortress1
Beastiary1
Spirit Lodge2
Tauren Totem2
41 total
» build order
00:16 Altar of Storms
00:24 Orc Burrow
01:26 War Mill
01:35 Orc Burrow
02:09 Barracks
02:43 Voodoo Lounge
02:47 Voodoo Lounge
03:55 Stronghold
04:36 Watch Tower
05:19 Watch Tower
05:20 Watch Tower
05:22 Watch Tower
05:50 Watch Tower
06:37 Great Hall
06:50 Great Hall
06:55 Watch Tower
06:56 Watch Tower
06:59 Watch Tower
07:15 Orc Burrow
07:28 Fortress
07:37 Orc Burrow
08:28 Watch Tower
09:42 Beastiary
09:45 Spirit Lodge
09:54 Tauren Totem
10:19 Spirit Lodge
10:42 Tauren Totem
11:18 Orc Burrow
14:54 Watch Tower
14:55 Watch Tower
14:55 Watch Tower
14:56 Watch Tower
14:57 Watch Tower
14:58 Watch Tower
14:59 Watch Tower
15:00 Watch Tower
15:01 Watch Tower
15:01 Watch Tower
15:09 Watch Tower
15:20 Watch Tower
15:21 Watch Tower
» items
Healing Salve3
Potion of Healing2
Orb of Lightning1
6 total